cohdb
Replays
Latest Replays
All Replays
Popular Replays
Top Player Replays
Match Explorer
How It Works
Community
CoH3 Stats
Reddit
Sign in to upload your games and track your stats! →
Sign in with Steam
Match 39958940
Unlisted
Match 39958940
Overview
Messages
Build Orders
End
Construct Section Command Post
Infantry Section
Infantry Section
Vickers Machine Gun Team
Infantry Section
Vickers Machine Gun Team
Selects Canadian Shock Battlegroup
Construct Field Infirmary
Grenade Package
Selects Burnout
Infantry Section
Construct Platoon Command Post
Vickers Machine Gun Team
Burnout
6-pounder Anti-tank Gun Team
Selects Pyrotechnics
Royal Engineer Section
Construct Company Command Post
Selects Demolition Engineering
Unlock M3 Grant Medium Tanks
Demolition Engineering
M3 Grant Medium Tank
Burnout
Selects Attacking Spirit
Selects Canadian Shock Section
Foot Guards Section
Burnout
M3 Grant Medium Tank
Selects Point Assault
Demolition Engineering
Burnout
Point Assault
M3 Grant Medium Tank
Champress
Hussar
oklopnik
zli2605
Ghandalf (NL)
Hentai_Lover
Oncle-Hô
reweto66
0
0
Comments
sign in to comment!
No comments posted yet!